 Dungeon Crawl Stone Soup version 0.26.1-11-gd32895ea62 (webtiles) character file.

Game seed: 10790174608404043014

53 Kalagan26 the Grave Robber (level 3, -2/26 HPs)
             Began as a Ghoul Necromancer on June 19, 2021.
             Slain by a gnoll
             ... wielding a cursed -3 club
              (7 damage)
             ... on level 2 of the Dungeon.
             The game lasted 00:15:13 (4743 turns).

Kalagan26 the Grave Robber (Ghoul Necromancer)      Turns: 4743, Time: 00:15:13

Health: -2/26      AC:  2    Str: 11    XL:     3   Next: 89%
Magic:  0/4        EV: 12    Int: 11    God:
Gold:   51         SH:  0    Dex:  9    Spells: 4/5 levels left

rFire    . . .     SeeInvis .   b - +0 short sword
rCold    + . .     Faith    .   (no shield)
rNeg     + + +     Spirit   .   a - +0 robe
rPois    ∞         Reflect  .   (no helmet)
rElec    .         Harm     .   (no cloak)
rCorr    .         Rampage  .   (no gloves)
Will     .....                  (no boots)
Stlth    ++........             (no amulet)
HPRegen  0.00/turn              (no ring)
MPRegen  0.09/turn              (no ring)

@: no status effects
A: claws 1, cold resistance 1, negative energy resistance 3, inhibited
regeneration, torment resistance, unbreathing
a: no special abilities


You were on level 2 of the Dungeon.
You visited 1 branch of the dungeon, and saw 2 of its levels.

You collected 51 gold pieces.

Inventory:

Hand Weapons
 b - a +0 short sword (weapon)
Missiles
 c - 14 poisoned darts
 k - 10 stones
Armour
 a - a +0 robe (worn)
Scrolls
 d - 3 scrolls of identify
 g - a scroll of remove curse {unknown}
 h - a scroll of fear {unknown}
 i - a scroll of immolation
 m - a scroll of teleportation {unknown}
Potions
 e - 2 potions of degeneration {unknown}
 f - a potion of brilliance {unknown}
 j - a potion of might {unknown}
 l - a potion of curing {unknown}


   Skills:
 + Level 0.3 Short Blades
 * Level 2.5 Dodging
 - Level 2.1 Stealth
 + Level 1.9 Spellcasting
 + Level 4.7 Necromancy


You had 4 spell levels left.
You knew the following spells:

 Your Spells              Type           Power        Failure   Level
a - Pain                  Necr           44%          4%          1

Your spell library contained the following spells:

 Spells                   Type           Power        Failure   Level
 Animate Skeleton         Necr           22%          4%          1
 Vampiric Draining        Necr           5%           12%         3
 Animate Dead             Necr           5%           38%         4
 Agony                    Necr           11%          75%         5


Dungeon Overview and Level Annotations

Branches:
Dungeon (2/15)

Altars:

Annotations:
D:2 Robin


Innate Abilities, Weirdness & Mutations

You thrive by killing the living.
You are immune to poison.
You have sharp fingernails.
Your flesh is cold resistant. (rC+)
You are immune to negative energy. (rN+++)
You do not regenerate when monsters are visible.
You are immune to unholy pain and torment.
You can survive without breathing.


Message History

Aim: a gnoll, wielding a -3 club (chance to affect: 73%)
The gnoll writhes in agony.
You don't have enough magic to cast that spell.
There are monsters nearby!
Unknown command.
There are monsters nearby!
There are monsters nearby!
Unknown command.
There are monsters nearby!
You hit the gnoll but do no damage.
The gnoll is heavily wounded.
The gnoll barely misses you.
You hit the gnoll.
The gnoll is almost dead.
The gnoll barely misses you. The gnoll hits you.
* * * LOW HITPOINT WARNING * * *
You closely miss the gnoll.
The gnoll is almost dead.
The gnoll hits you with a cursed -3 club!
You die...

#....#####.##..#
####.......(..##
####......†#
##..#....g###
#..#####....# ##
#)## ##.g.#
.####.# ##[g##
..))((#


#ggg# .###### ###@# .# ### .# .# ## You could see 2 gnolls, 2 hobgoblins and 2
goblins.

Vanquished Creatures
  A gnoll (D:2)
  A leopard gecko (D:1)
  4 bats (D:1)
  3 giant cockroaches
  10 goblins
  6 hobgoblins
  3 jackals (D:1)
  2 frilled lizards (D:2)
  7 kobolds
  A rat (D:1)
38 creatures vanquished.

Vanquished Creatures (others)
  4 plants (D:2)
4 creatures vanquished.

Grand Total: 42 creatures vanquished

Notes
Turn   | Place    | Note
-------+----------+-------------------------------------------
     0 | D:1      | Kalagan26 the Ghoul Necromancer began the quest for the
                  | Orb.
     0 | D:1      | Reached XP level 1. HP: 14/14 MP: 2/2
  1327 | D:1      | Reached XP level 2. HP: 20/20 MP: 1/3
  2821 | D:1      | Reached XP level 3. HP: 25/26 MP: 1/4
  4208 | D:2      | Noticed Robin
  4743 | D:2      | Slain by a gnoll

Illustrated notes

Levels and vault maps discovered:
D:1:      saegor_arrival_simple_b, layout_loops_ring, minmay_tromino_mix6
D:2:      layout_rooms, general_overflow_altar, wad_woods_river_04, uniq_robin

Skill      XL: |  1 |
---------------+----+-----
Dodging        | 2 |  2.5
Short Blades   | |  0.3
Stealth        | |  2.1
Spellcasting   | |  1.9
Necromancy     | |  4.7

Action                   || total
-------------------------++-------
Melee: Club              ||    11
       Short sword       ||    79
       Unarmed           ||     1
 Cast: Pain              ||    66
  Use: Scroll            ||     1
Armor: Robe              ||    33
Dodge: Dodged            ||   112
